Montreal Canadiens vs Vancouver Canucks

Created - Wednesday, February 25, 2026 at 07:30

Goals
1 2 3 T
Montreal Canadiens 0 2 0 2
Vancouver Canucks 1 1 2 4
Shots
1 2 3 T
Montreal Canadiens 12 11 6 29
Vancouver Canucks 7 13 13 33

1st period

1. Vancouver Canucks , Mikko Rantanen 16 (Artturi Lehkonen 17, Jesperi Kotkaniemi 14) at 7:03

Penalties :
Jesperi Kotkaniemi (VAN) for Holding (Minor) at 12:54, Emil Martinsen Lilleberg (VAN) for Boarding (Minor) at 19:38

2nd period

2. Vancouver Canucks , Mikko Rantanen 17 (Jake Bean 5, Artturi Lehkonen 18) at 10:43
3. Montreal Canadiens , Lane Hutson 4 (Josh Manson 6, Martin Necas 13) at 12:49
4. Montreal Canadiens , Brad Marchand 16 (Juraj Slafkovsky 10, Matt Duchene 13) at 18:41

Penalties :
No Penalty

3rd period

5. Vancouver Canucks , Clayton Keller 11 (Mikko Rantanen 20) at 2:37 (PP)
6. Vancouver Canucks , Matias Maccelli 8 (Jesperi Kotkaniemi 15) at 13:50 (PP)

Penalties :
Damon Severson (MTL) for Holding (Minor) at 2:34, Brad Marchand (MTL) for High sticking (Minor) at 5:59, Teddy Blueger (MTL) for Cross-checking (Minor) at 13:49

Goalie Stats

Stuart Skinner (MTL), 29 saves from 33 shots - (0.879), L, 5-11-1, 60:00 minutes
Justus Annunen (VAN), 27 saves from 29 shots - (0.931), W, 4-6-1, 60:00 minutes

Players Stats for Montreal Canadiens

Player Name              G  A  P  +/- PIM S  H  SB GA TA FO     MP     PP MP  PK MP  
------------------------------------------------------------------------------------
Adam Fox                 0  0  0  -1  0   2  0  1  1  0  0/0    15:27   2:05   0:00 
Arttu Hyry               0  0  0   0  0   1  2  0  0  0  0/0     9:13   0:00   0:00 
Brad Marchand            1  0  1   0  2   2  0  0  0  0  1/2    16:13   1:56   0:01 
Brady Skjei              0  0  0   0  0   0  1  0  0  0  0/0    26:32   1:53   0:55 
Damon Severson           0  0  0   0  2   0  3  0  0  0  0/0    19:16   1:53   1:08 
Drew O'Connor            0  0  0   0  0   4  2  0  0  0  0/2    10:17   0:00   0:45 
Evgeni Dadonov           0  0  0  -1  0   4  1  0  1  0  0/0    14:06   0:00   0:43 
Josh Manson              0  1  1   1  0   2  0  0  0  2  0/0    18:26   0:00   0:55 
Juraj Slafkovsky         0  1  1   0  0   1  3  0  1  0  0/0    15:34   2:02   0:00 
Justin Hryckowian        0  0  0   0  0   1  1  0  0  1  0/3     9:13   0:00   0:00 
Lane Hutson              1  0  1   1  0   1  0  3  0  2  0/0    19:35   2:05   0:00 
Macklin Celebrini        0  0  0   1  0   2  2  0  0  0  12/15  20:24   1:56   0:47 
Martin Necas             0  1  1   1  0   4  2  0  1  0  2/4    19:26   2:02   0:09 
Matt Duchene             0  1  1   0  0   1  1  1  1  0  7/14   15:30   1:56   0:00 
Owen Power               0  0  0  -1  0   0  2  0  0  0  0/0    20:43   0:00   1:08 
Patrik Laine             0  0  0  -1  0   3  1  0  0  0  0/0    13:14   0:00   0:00 
Ryan Poehling            0  0  0   1  0   0  1  2  0  0  1/2    20:36   2:02   0:57 
Teddy Blueger            0  0  0  -1  2   1  2  0  0  0  5/14   14:09   0:00   0:44 

Players Stats for Vancouver Canucks

Player Name              G  A  P  +/- PIM S  H  SB GA TA FO     MP     PP MP  PK MP  
------------------------------------------------------------------------------------
Aleksander Barkov        0  0  0   2  0   4  1  0  0  0  14/25  20:45   0:49   1:47 
Artturi Lehkonen         0  2  2   2  0   1  0  0  0  2  0/0    20:52   1:01   1:47 
Bobby McMann             0  0  0   0  0   5  0  0  0  0  0/0    13:08   0:00   0:00 
Brett Leason             0  0  0  -2  0   0  1  0  0  0  0/0    12:25   0:00   2:11 
Casey Mittelstadt        0  0  0   0  0   2  1  0  0  0  6/9    13:36   1:14   0:00 
Clayton Keller           1  0  1   0  0   5  1  1  1  0  1/2    14:18   1:01   0:00 
Connor Zary              0  0  0   0  0   1  2  0  1  0  2/9    14:12   1:02   0:00 
Emil Martinsen Lilleberg 0  0  0   2  2   2  1  1  0  1  0/0    13:39   0:00   0:00 
Jake Bean                0  1  1   2  0   0  0  0  0  0  0/0    13:34   0:00   0:00 
Jesperi Kotkaniemi       0  2  2   0  2   2  1  0  0  0  1/2    13:35   1:02   0:00 
Joel Hanley              0  0  0   0  0   0  0  1  0  2  0/0    19:39   0:00   2:06 
Matias Maccelli          1  0  1   0  0   2  1  0  0  0  0/0    13:26   1:02   0:00 
Mavrik Bourque           0  0  0  -2  0   1  0  0  1  0  0/0    10:16   0:00   0:00 
Mikko Rantanen           2  1  3   2  0   6  1  0  1  0  0/3    21:23   1:01   2:11 
Miro Heiskanen           0  0  0  -2  0   2  2  1  0  0  0/0    25:33   0:49   1:52 
Noah Hanifin             0  0  0  -2  0   0  2  0  0  0  0/0    25:53   1:14   1:52 
Ryan McDonagh            0  0  0   0  0   0  1  0  0  0  0/0    19:39   0:00   2:06 
Sean Couturier           0  0  0  -2  0   0  1  0  1  0  4/6    10:07   0:00   0:00 

3 Stars

1 - Mikko Rantanen (VAN)
2 - Artturi Lehkonen (VAN)
3 - Clayton Keller (VAN)

Power Play

Montreal Canadiens - 0 on 2 Attempt(s) - 0.00%
Vancouver Canucks - 2 on 3 Attempt(s) - 66.67%

Penalty Kill

Montreal Canadiens - 1 on 3 Attempt(s) - 33.33% - Score 0 goal in Penalty Kill
Vancouver Canucks - 2 on 2 Attempt(s) - 100.00% - Score 0 goal in Penalty Kill

Team Stat

Montreal Canadiens - Hits : 24 - Faceoff Wins : 28 - Blocked Shots : 7 - Penalty Minutes : 6
Vancouver Canucks - Hits : 16 - Faceoff Wins : 28 - Blocked Shots : 4 - Penalty Minutes : 4

Official

Referees : Marc Joannette and Brandon Schrader
Linesman : David Brisebois and Ryan Galloway

Game Notes

No Game Note

Finance

Level 1 -- Attendance: 4799 (79.98%) -- Ticket Income $475,101
Level 2 -- Attendance: 3700 (74.00%) -- Ticket Income $218,300
Level 3 -- Attendance: 2802 (93.40%) -- Ticket Income $95,268
Level 4 -- Attendance: 3703 (74.06%) -- Ticket Income $88,872
Luxury Box -- Attendance: 798 (79.80%) -- Ticket Income $158,802
Game was played at the Rogers Arena.
Total Attendance: 15802 (79.01%)
Total Ticket Income: $1,036,343
Other Income: $362,720
Total Income: $1,399,063

Montreal Canadiens

5 vs 5 Forward 
   Center                   Left Wing                Right Wing               Time % Phy DF OF 
 1 Macklin Celebrini        Ryan Poehling            Martin Necas             30     0   1  4  
 2 Matt Duchene             Brad Marchand            Juraj Slafkovsky         30     0   1  4  
 3 Teddy Blueger            Patrik Laine             Evgeni Dadonov           25     0   2  3  
 4 Justin Hryckowian        Drew O'Connor            Arttu Hyry               15     0   4  1  

5 vs 5 Defense 
   Defense                  Defense                                           Time % Phy DF OF 
 1 Josh Manson              Lane Hutson                                       30     1   2  2  
 2 Brady Skjei              Damon Severson                                    30     1   2  2  
 3 Adam Fox                 Owen Power                                        25     1   2  2  
 4 Brady Skjei              Owen Power                                        15     1   3  1  

PowerPlay Forward 
   Center                   Left Wing                Right Wing               Time % Phy DF OF 
 1 Macklin Celebrini        Matt Duchene             Brad Marchand            50     0   0  5  
 2 Martin Necas             Ryan Poehling            Juraj Slafkovsky         50     0   0  5  

PowerPlay Defense
   Defense                  Defense                                           Time % Phy DF OF 
 1 Adam Fox                 Lane Hutson                                       50     0   0  5  
 2 Brady Skjei              Damon Severson                                    50     0   0  5  

Penalty Kill 4 Players Forward 
   Center                   Wing                     Time % Phy DF OF 
 1 Ryan Poehling            Brad Marchand            50     0   5  0  
 2 Teddy Blueger            Drew O'Connor            50     0   5  0  

Penalty Kill 4 Players Defense
   Defense                  Defense                  Time % Phy DF OF 
 1 Josh Manson              Brady Skjei              50     0   5  0  
 2 Owen Power               Damon Severson           50     0   5  0  

Penalty Kill - 3 Players Forward 
   Forward                                           Time % Phy DF OF 
 1 Teddy Blueger                                     50     0   5  0  
 2 Ryan Poehling                                     50     0   5  0  

Penalty Kill - 3 Players Defense
   Defense                  Defense                  Time % Phy DF OF 
 1 Josh Manson              Brady Skjei              50     0   5  0  
 2 Owen Power               Damon Severson           50     0   5  0  

4 vs 4 Forward 
   Center                   Wing                     Time % Phy DF OF 
 1 Macklin Celebrini        Martin Necas             50     1   2  2  
 2 Matt Duchene             Brad Marchand            50     1   2  2  

4 vs 4 Defense
   Defense                  Defense                  Time % Phy DF OF 
 1 Lane Hutson              Adam Fox                 50     1   2  2  
 2 Brady Skjei              Damon Severson           50     1   2  2  

Last Minutes Offensive
   Center                   Left Wing                Right Wing               Defense                  Defense                  
   Macklin Celebrini        Matt Duchene             Brad Marchand            Lane Hutson              Adam Fox                 

Last Minutes Defensive
   Center                   Left Wing                Right Wing               Defense                  Defense                  
   Teddy Blueger            Ryan Poehling            Drew O'Connor            Brady Skjei              Owen Power               

Goaltenders
Starting : Stuart Skinner           
Backup : Lukas Dostal             

Extra Forwards
Normal : Macklin Celebrini, Brad Marchand, Ryan Poehling - PP : Macklin Celebrini, Brad Marchand - PK : Macklin Celebrini
Extra Defensemen
Normal : Brady Skjei, Owen Power, Damon Severson - PP : Lane Hutson - PK : Brady Skjei, Owen Power
Penalty Shots
Brad Marchand, Teddy Blueger, Ryan Poehling, Macklin Celebrini, Arttu Hyry

Scratches
Pyotr Kochetkov (Healthy)

Vancouver Canucks

5 vs 5 Forward 
   Center                   Left Wing                Right Wing               Time % Phy DF OF 
 1 Aleksander Barkov        Artturi Lehkonen         Mikko Rantanen           37     1   1  3  
 2 Connor Zary              Clayton Keller           Bobby McMann             28     1   2  2  
 3 Casey Mittelstadt        Jesperi Kotkaniemi       Matias Maccelli          21     1   2  2  
 4 Sean Couturier           Brett Leason             Mavrik Bourque           14     1   3  1  

5 vs 5 Defense 
   Defense                  Defense                                           Time % Phy DF OF 
 1 Noah Hanifin             Miro Heiskanen                                    30     1   2  2  
 2 Ryan McDonagh            Joel Hanley                                       30     1   2  2  
 3 Jake Bean                Emil Martinsen Lilleberg                          25     1   2  2  
 4 Noah Hanifin             Miro Heiskanen                                    15     1   2  2  

PowerPlay Forward 
   Center                   Left Wing                Right Wing               Time % Phy DF OF 
 1 Clayton Keller           Artturi Lehkonen         Mikko Rantanen           50     0   1  4  
 2 Jesperi Kotkaniemi       Connor Zary              Matias Maccelli          50     0   1  4  

PowerPlay Defense
   Defense                  Defense                                           Time % Phy DF OF 
 1 Aleksander Barkov        Miro Heiskanen                                    50     0   1  4  
 2 Noah Hanifin             Casey Mittelstadt                                 50     0   1  4  

Penalty Kill 4 Players Forward 
   Center                   Wing                     Time % Phy DF OF 
 1 Mikko Rantanen           Brett Leason             50     1   2  2  
 2 Aleksander Barkov        Artturi Lehkonen         50     1   2  2  

Penalty Kill 4 Players Defense
   Defense                  Defense                  Time % Phy DF OF 
 1 Ryan McDonagh            Joel Hanley              50     1   2  2  
 2 Noah Hanifin             Miro Heiskanen           50     1   2  2  

Penalty Kill - 3 Players Forward 
   Forward                                           Time % Phy DF OF 
 1 Aleksander Barkov                                 50     1   2  2  
 2 Brett Leason                                      50     1   2  2  

Penalty Kill - 3 Players Defense
   Defense                  Defense                  Time % Phy DF OF 
 1 Ryan McDonagh            Joel Hanley              50     1   2  2  
 2 Noah Hanifin             Miro Heiskanen           50     1   2  2  

4 vs 4 Forward 
   Center                   Wing                     Time % Phy DF OF 
 1 Clayton Keller           Mikko Rantanen           50     1   2  2  
 2 Aleksander Barkov        Connor Zary              50     1   2  2  

4 vs 4 Defense
   Defense                  Defense                  Time % Phy DF OF 
 1 Noah Hanifin             Miro Heiskanen           50     1   2  2  
 2 Ryan McDonagh            Joel Hanley              50     1   2  2  

Last Minutes Offensive
   Center                   Left Wing                Right Wing               Defense                  Defense                  
   Aleksander Barkov        Clayton Keller           Mikko Rantanen           Noah Hanifin             Miro Heiskanen           

Last Minutes Defensive
   Center                   Left Wing                Right Wing               Defense                  Defense                  
   Aleksander Barkov        Artturi Lehkonen         Brett Leason             Ryan McDonagh            Joel Hanley              

Goaltenders
Starting : Justus Annunen           
Backup : Cam Talbot               

Extra Forwards
Normal : Mikko Rantanen, Aleksander Barkov, Clayton Keller - PP : Mikko Rantanen, Clayton Keller - PK : Sean Couturier
Extra Defensemen
Normal : Miro Heiskanen, Joel Hanley, Ryan McDonagh - PP : Miro Heiskanen - PK : Ryan McDonagh, Joel Hanley
Penalty Shots
Aleksander Barkov, Sean Couturier, Clayton Keller, Jesperi Kotkaniemi, Mikko Rantanen

Scratches
Anton Lundell (Healthy), Jacob Bernard-Docker (Healthy), Jacob Bryson (Healthy)

% Time on Ice - Montreal Canadiens

Lines # - Real PCT - Wanted PCT - Time Play
Normal Forward
1 - 32% - 30% - 17:26
2 - 26% - 30% - 14:06
3 - 25% - 25% - 13:14
4 - 17% - 15% - 9:13
Normal Defense
1 - 33% - 30% - 18:04
2 - 29% - 30% - 15:43
3 - 25% - 25% - 13:22
4 - 13% - 15% - 6:50
PP Forward
1 - 49% - 50% - 1:56
2 - 51% - 50% - 2:02
PP Defense
1 - 53% - 50% - 2:05
2 - 47% - 50% - 1:53
PK Forward
1 - 63% - 50% - 1:18
2 - 37% - 50% - 0:45
PK Defense
1 - 45% - 50% - 0:55
2 - 55% - 50% - 1:08
PK3 Forward
1 - 0% - 50%
2 - 0% - 50%
PK3 Defense
1 - 0% - 50%
2 - 0% - 50%
44 Forward
1 - 0% - 50%
2 - 0% - 50%
44 Defense
1 - 0% - 50%
2 - 0% - 50%
Last Minute Offensive  - 0:00
Last Minute Defensive  - 0:00
Total
Forward - 60:00
Defense - 60:00

% Time on Ice - Vancouver Canucks

Lines # - Real PCT - Wanted PCT - Time Play
Normal Forward
1 - 34% - 37% - 18:20
2 - 24% - 28% - 13:10
3 - 23% - 21% - 12:22
4 - 19% - 14% - 10:07
Normal Defense
1 - 29% - 30% - 15:38
2 - 32% - 30% - 17:23
3 - 25% - 25% - 13:34
4 - 14% - 15% - 7:24
PP Forward
1 - 50% - 50% - 1:01
2 - 50% - 50% - 1:02
PP Defense
1 - 40% - 50% - 0:49
2 - 60% - 50% - 1:14
PK Forward
1 - 55% - 50% - 2:11
2 - 45% - 50% - 1:47
PK Defense
1 - 53% - 50% - 2:06
2 - 47% - 50% - 1:52
PK3 Forward
1 - 0% - 50%
2 - 0% - 50%
PK3 Defense
1 - 0% - 50%
2 - 0% - 50%
44 Forward
1 - 0% - 50%
2 - 0% - 50%
44 Defense
1 - 0% - 50%
2 - 0% - 50%
Last Minute Offensive  - 0:00
Last Minute Defensive  - 0:00
Total
Forward - 60:00
Defense - 60:00

Play-by-Play

1st period


0:01 of 1st period - Macklin Celebrini wins face-off versus Aleksander Barkov in neutral zone.
1:03 of 1st period - Brady Skjei is hit by Sean Couturier and loses puck.
1:12 of 1st period - Slapshot by Matt Duchene.
1:12 of 1st period - Shot Misses the Net.
1:20 of 1st period - Wrist shot by Jesperi Kotkaniemi.
1:20 of 1st period - Stopped by Stuart Skinner with a rebound.
1:22 of 1st period - Slapshot by Ryan McDonagh.
1:22 of 1st period - Deflect By Casey Mittelstadt.
1:22 of 1st period - Shot Misses the Net.
1:22 of 1st period - Puck is out of play.
1:23 of 1st period - Aleksander Barkov wins face-off versus Teddy Blueger in Montreal Canadiens zone.
2:29 of 1st period - Icing by Connor Zary.
2:30 of 1st period - Sean Couturier wins face-off versus Teddy Blueger in Vancouver Canucks zone.
2:41 of 1st period - Wrist shot by Patrik Laine.
2:41 of 1st period - Stopped by Justus Annunen without a rebound.
2:42 of 1st period - Aleksander Barkov wins face-off versus Justin Hryckowian in Vancouver Canucks zone.
2:51 of 1st period - Wrist shot by Mikko Rantanen.
2:51 of 1st period - Shot Misses the Net.
4:14 of 1st period - Wrist shot by Drew O'Connor.
4:14 of 1st period - Stopped by Justus Annunen with a rebound.
4:20 of 1st period - Snap shot by Aleksander Barkov.
4:20 of 1st period - Stopped by Stuart Skinner with a rebound.
4:54 of 1st period - Miro Heiskanen is hit by Teddy Blueger and loses puck.
5:39 of 1st period - Noah Hanifin is hit by Damon Severson and loses puck.
5:51 of 1st period - Off-side.
5:52 of 1st period - Matt Duchene wins face-off versus Connor Zary in neutral zone.
6:08 of 1st period - Wrist shot by Clayton Keller.
6:08 of 1st period - Stopped by Stuart Skinner with a rebound.
6:18 of 1st period - Mavrik Bourque is hit by Macklin Celebrini and loses puck.
6:29 of 1st period - Snap shot by Martin Necas.
6:29 of 1st period - Stopped by Justus Annunen with a rebound.
6:45 of 1st period - Wrist shot by Matias Maccelli.
6:45 of 1st period - Stopped by Stuart Skinner with a rebound.
7:03 of 1st period - Wrist shot by Mikko Rantanen.
7:03 of 1st period - Goal by Mikko Rantanen - Montreal Canadiens : 0 - Vancouver Canucks : 1.
7:04 of 1st period - Matt Duchene wins face-off versus Mikko Rantanen in neutral zone.
7:57 of 1st period - Snap shot by Casey Mittelstadt.
7:57 of 1st period - Shot Misses the Net.
7:59 of 1st period - Slapshot by Miro Heiskanen.
7:59 of 1st period - Stopped by Stuart Skinner without a rebound.
8:00 of 1st period - Matt Duchene wins face-off versus Aleksander Barkov in Montreal Canadiens zone.
8:36 of 1st period - Wrist shot by Clayton Keller.
8:36 of 1st period - Stopped by Stuart Skinner with a rebound.
8:52 of 1st period - Snap shot by Drew O'Connor.
8:52 of 1st period - Stopped by Justus Annunen with a rebound.
8:54 of 1st period - Snap shot by Drew O'Connor.
8:54 of 1st period - Shot Blocked by Clayton Keller.
9:22 of 1st period - Patrik Laine is hit by Casey Mittelstadt and loses puck.
10:50 of 1st period - Noah Hanifin is hit by Juraj Slafkovsky and loses puck.
11:46 of 1st period - Mikko Rantanen is hit by Juraj Slafkovsky and loses puck.
12:21 of 1st period - Wrist shot by Arttu Hyry.
12:21 of 1st period - Stopped by Justus Annunen with a rebound.
12:54 of 1st period - Minor Penalty to Jesperi Kotkaniemi for Holding.
12:55 of 1st period - Macklin Celebrini wins face-off versus Mikko Rantanen in Vancouver Canucks zone.
12:57 of 1st period - Wrist shot by Matt Duchene.
12:57 of 1st period - Stopped by Justus Annunen without a rebound.
12:58 of 1st period - Macklin Celebrini wins face-off versus Mikko Rantanen in Vancouver Canucks zone.
13:01 of 1st period - Snap shot by Macklin Celebrini.
13:01 of 1st period - Shot Blocked by Joel Hanley.
13:03 of 1st period - Snap shot by Adam Fox.
13:03 of 1st period - Deflect By Brett Leason.
13:03 of 1st period - Stopped by Justus Annunen with a rebound.
13:05 of 1st period - Snap shot by Brad Marchand.
13:05 of 1st period - Shot Misses the Net.
13:07 of 1st period - Snap shot by Adam Fox.
13:07 of 1st period - Stopped by Justus Annunen with a rebound.
13:15 of 1st period - Slapshot by Brad Marchand.
13:15 of 1st period - Stopped by Justus Annunen with a rebound.
14:14 of 1st period - Icing by Brady Skjei.
14:15 of 1st period - Martin Necas wins face-off versus Aleksander Barkov in Montreal Canadiens zone.
14:54 of 1st period - Penalty to Jesperi Kotkaniemi is over, Jesperi Kotkaniemi is back on ice.
15:31 of 1st period - Snap shot by Drew O'Connor.
15:31 of 1st period - Stopped by Justus Annunen without a rebound.
15:32 of 1st period - Aleksander Barkov wins face-off versus Matt Duchene in Vancouver Canucks zone.
15:37 of 1st period - Brad Marchand is hit by Aleksander Barkov and loses puck.
16:09 of 1st period - Wrist shot by Macklin Celebrini.
16:09 of 1st period - Shot Misses the Net.
17:11 of 1st period - Wrist shot by Brett Leason.
17:11 of 1st period - Deflect By Sean Couturier.
17:11 of 1st period - Shot Misses the Net.
17:11 of 1st period - Puck is out of play.
17:12 of 1st period - Aleksander Barkov wins face-off versus Macklin Celebrini in Montreal Canadiens zone.
17:39 of 1st period - Owen Power is hit by Clayton Keller and loses puck.
18:01 of 1st period - Snap shot by Patrik Laine.
18:01 of 1st period - Stopped by Justus Annunen with a rebound.
18:03 of 1st period - Snap shot by Evgeni Dadonov.
18:03 of 1st period - Stopped by Justus Annunen with a rebound.
18:43 of 1st period - Mikko Rantanen is hit by Ryan Poehling and loses puck.
19:24 of 1st period - Matias Maccelli is hit by Damon Severson.
19:28 of 1st period - Snap shot by Patrik Laine.
19:28 of 1st period - Shot Hit the Post.
19:30 of 1st period - Backhand shot by Teddy Blueger.
19:30 of 1st period - Shot Misses the Net.
19:38 of 1st period - Minor Penalty to Emil Martinsen Lilleberg for Boarding.
19:39 of 1st period - Aleksander Barkov wins face-off versus Martin Necas in Vancouver Canucks zone.
Goals for this period are 0 for Montreal Canadiens vs 1 for Vancouver Canucks.
Shots for this period are 12 for Montreal Canadiens vs 7 for Vancouver Canucks.

2nd period


0:01 of 2nd period - Aleksander Barkov wins face-off versus Macklin Celebrini in neutral zone.
1:36 of 2nd period - Miro Heiskanen is hit by Matt Duchene and loses puck.
1:38 of 2nd period - Penalty to Emil Martinsen Lilleberg is over, Emil Martinsen Lilleberg is back on ice.
1:47 of 2nd period - Wrist shot by Clayton Keller.
1:47 of 2nd period - Stopped by Stuart Skinner without a rebound.
1:48 of 2nd period - Teddy Blueger wins face-off versus Connor Zary in Montreal Canadiens zone.
1:52 of 2nd period - Off-side.
1:53 of 2nd period - Teddy Blueger wins face-off versus Connor Zary in neutral zone.
3:12 of 2nd period - Snap shot by Mavrik Bourque.
3:12 of 2nd period - Stopped by Stuart Skinner with a rebound.
3:50 of 2nd period - Miro Heiskanen is hit by Teddy Blueger.
4:06 of 2nd period - Wrist shot by Aleksander Barkov.
4:06 of 2nd period - Stopped by Stuart Skinner with a rebound.
4:08 of 2nd period - Snap shot by Artturi Lehkonen.
4:08 of 2nd period - Shot Misses the Net.
4:10 of 2nd period - Slapshot by Emil Martinsen Lilleberg.
4:10 of 2nd period - Shot Misses the Net.
5:17 of 2nd period - Aleksander Barkov is hit by Owen Power and loses puck.
5:24 of 2nd period - Noah Hanifin is hit by Owen Power and loses puck.
5:28 of 2nd period - Icing by Noah Hanifin.
5:29 of 2nd period - Aleksander Barkov wins face-off versus Matt Duchene in Vancouver Canucks zone.
5:44 of 2nd period - Wrist shot by Juraj Slafkovsky.
5:44 of 2nd period - Stopped by Justus Annunen with a rebound.
6:00 of 2nd period - Snap shot by Connor Zary.
6:00 of 2nd period - Stopped by Stuart Skinner with a rebound.
7:33 of 2nd period - Off-side.
7:34 of 2nd period - Casey Mittelstadt wins face-off versus Teddy Blueger in neutral zone.
7:41 of 2nd period - Snap shot by Casey Mittelstadt.
7:41 of 2nd period - Shot Misses the Net.
7:43 of 2nd period - Wrist shot by Matias Maccelli.
7:43 of 2nd period - Shot Misses the Net.
7:59 of 2nd period - Adam Fox is hit by Mikko Rantanen and loses puck.
8:06 of 2nd period - Snap shot by Aleksander Barkov.
8:06 of 2nd period - Stopped by Stuart Skinner with a rebound.
8:08 of 2nd period - Snap shot by Artturi Lehkonen.
8:08 of 2nd period - Shot Misses the Net.
8:10 of 2nd period - Wrist shot by Mikko Rantanen.
8:10 of 2nd period - Stopped by Stuart Skinner with a rebound.
8:49 of 2nd period - Wrist shot by Brett Leason.
8:49 of 2nd period - Shot Blocked by Adam Fox.
8:57 of 2nd period - Miro Heiskanen is hit by Drew O'Connor and loses puck.
10:04 of 2nd period - Snap shot by Martin Necas.
10:04 of 2nd period - Shot Misses the Net.
10:22 of 2nd period - Snap shot by Jesperi Kotkaniemi.
10:22 of 2nd period - Shot Misses the Net.
10:24 of 2nd period - Snap shot by Joel Hanley.
10:24 of 2nd period - Shot Blocked by Lane Hutson.
10:26 of 2nd period - Slapshot by Casey Mittelstadt.
10:26 of 2nd period - Shot Misses the Net.
10:43 of 2nd period - Slapshot by Mikko Rantanen.
10:43 of 2nd period - Goal by Mikko Rantanen - Montreal Canadiens : 0 - Vancouver Canucks : 2.
10:44 of 2nd period - Macklin Celebrini wins face-off versus Aleksander Barkov in neutral zone.
10:48 of 2nd period - Off-side.
10:49 of 2nd period - Macklin Celebrini wins face-off versus Aleksander Barkov in neutral zone.
12:01 of 2nd period - Icing by Brett Leason.
12:02 of 2nd period - Macklin Celebrini wins face-off versus Sean Couturier in Vancouver Canucks zone.
12:45 of 2nd period - Wrist shot by Martin Necas.
12:45 of 2nd period - Stopped by Justus Annunen with a rebound.
12:47 of 2nd period - Slapshot by Josh Manson.
12:47 of 2nd period - Stopped by Justus Annunen with a rebound.
12:49 of 2nd period - Slapshot by Lane Hutson.
12:49 of 2nd period - Deflect By Noah Hanifin.
12:49 of 2nd period - Goal by Lane Hutson - Montreal Canadiens : 1 - Vancouver Canucks : 2.
12:50 of 2nd period - Matt Duchene wins face-off versus Aleksander Barkov in neutral zone.
12:55 of 2nd period - Off-side.
12:56 of 2nd period - Aleksander Barkov wins face-off versus Matt Duchene in neutral zone.
13:07 of 2nd period - Snap shot by Mikko Rantanen.
13:07 of 2nd period - Stopped by Stuart Skinner with a rebound.
13:27 of 2nd period - Wrist shot by Evgeni Dadonov.
13:27 of 2nd period - Stopped by Justus Annunen with a rebound.
13:29 of 2nd period - Slapshot by Owen Power.
13:29 of 2nd period - Shot Misses the Net.
13:31 of 2nd period - Wrist shot by Patrik Laine.
13:31 of 2nd period - Stopped by Justus Annunen with a rebound.
13:33 of 2nd period - Wrist shot by Evgeni Dadonov.
13:33 of 2nd period - Deflect By Teddy Blueger.
13:33 of 2nd period - Stopped by Justus Annunen with a rebound.
13:35 of 2nd period - Slapshot by Evgeni Dadonov.
13:35 of 2nd period - Stopped by Justus Annunen with a rebound.
14:05 of 2nd period - Casey Mittelstadt is hit by Drew O'Connor and loses puck.
14:14 of 2nd period - Slapshot by Brady Skjei.
14:14 of 2nd period - Shot Misses the Net.
14:45 of 2nd period - Wrist shot by Jesperi Kotkaniemi.
14:45 of 2nd period - Stopped by Stuart Skinner without a rebound.
14:46 of 2nd period - Aleksander Barkov wins face-off versus Matt Duchene in Montreal Canadiens zone.
15:31 of 2nd period - Icing by Noah Hanifin.
15:32 of 2nd period - Sean Couturier wins face-off versus Teddy Blueger in Vancouver Canucks zone.
15:32 of 2nd period - Sean Couturier is hit by Patrik Laine.
15:59 of 2nd period - Miro Heiskanen is hit by Juraj Slafkovsky and loses puck.
16:16 of 2nd period - Artturi Lehkonen is hit by Arttu Hyry and loses puck.
16:23 of 2nd period - Snap shot by Drew O'Connor.
16:23 of 2nd period - Shot Misses the Net.
16:25 of 2nd period - Slapshot by Josh Manson.
16:25 of 2nd period - Stopped by Justus Annunen with a rebound.
16:27 of 2nd period - Slapshot by Justin Hryckowian.
16:27 of 2nd period - Shot Misses the Net.
16:29 of 2nd period - Snap shot by Justin Hryckowian.
16:29 of 2nd period - Stopped by Justus Annunen without a rebound.
16:30 of 2nd period - Brad Marchand wins face-off versus Clayton Keller in Vancouver Canucks zone.
16:45 of 2nd period - Snap shot by Bobby McMann.
16:45 of 2nd period - Stopped by Stuart Skinner without a rebound.
16:46 of 2nd period - Macklin Celebrini wins face-off versus Casey Mittelstadt in Montreal Canadiens zone.
16:46 of 2nd period - Macklin Celebrini is hit by Jesperi Kotkaniemi.
17:19 of 2nd period - Slapshot by Aleksander Barkov.
17:19 of 2nd period - Stopped by Stuart Skinner with a rebound.
17:21 of 2nd period - Slapshot by Emil Martinsen Lilleberg.
17:21 of 2nd period - Deflect By Juraj Slafkovsky.
17:21 of 2nd period - Stopped by Stuart Skinner without a rebound.
17:22 of 2nd period - Matt Duchene wins face-off versus Connor Zary in Montreal Canadiens zone.
17:28 of 2nd period - Lane Hutson is hit by Connor Zary and loses puck.
17:53 of 2nd period - Matt Duchene is hit by Noah Hanifin and loses puck.
18:41 of 2nd period - Wrist shot by Brad Marchand.
18:41 of 2nd period - Goal by Brad Marchand - Montreal Canadiens : 2 - Vancouver Canucks : 2.
18:42 of 2nd period - Aleksander Barkov wins face-off versus Martin Necas in neutral zone.
19:32 of 2nd period - Snap shot by Sean Couturier.
19:32 of 2nd period - Shot Misses the Net.
19:34 of 2nd period - Slapshot by Miro Heiskanen.
19:34 of 2nd period - Stopped by Stuart Skinner without a rebound.
19:35 of 2nd period - Martin Necas wins face-off versus Sean Couturier in Montreal Canadiens zone.
19:35 of 2nd period - Martin Necas is hit by Brett Leason.
19:53 of 2nd period - Slapshot by Sean Couturier.
19:53 of 2nd period - Shot Hit the Post.
Goals for this period are 2 for Montreal Canadiens vs 1 for Vancouver Canucks.
Shots for this period are 11 for Montreal Canadiens vs 13 for Vancouver Canucks.

3rd period


0:01 of 3rd period - Macklin Celebrini wins face-off versus Aleksander Barkov in neutral zone.
0:04 of 3rd period - Noah Hanifin is hit by Macklin Celebrini and loses puck.
0:15 of 3rd period - Snap shot by Martin Necas.
0:15 of 3rd period - Shot Misses the Net.
0:44 of 3rd period - Owen Power is hit by Matias Maccelli and loses puck.
1:05 of 3rd period - Snap shot by Drew O'Connor.
1:05 of 3rd period - Stopped by Justus Annunen without a rebound.
1:06 of 3rd period - Sean Couturier wins face-off versus Justin Hryckowian in Vancouver Canucks zone.
1:06 of 3rd period - Sean Couturier is hit by Arttu Hyry.
1:36 of 3rd period - Wrist shot by Mikko Rantanen.
1:36 of 3rd period - Shot Misses the Net.
1:38 of 3rd period - Snap shot by Ryan McDonagh.
1:38 of 3rd period - Deflect By Aleksander Barkov.
1:38 of 3rd period - Shot Blocked by Ryan Poehling.
1:38 of 3rd period - Puck is out of play.
1:39 of 3rd period - Aleksander Barkov wins face-off versus Matt Duchene in Montreal Canadiens zone.
2:04 of 3rd period - Macklin Celebrini is hit by Emil Martinsen Lilleberg and loses puck.
2:09 of 3rd period - Snap shot by Connor Zary.
2:09 of 3rd period - Deflect By Clayton Keller.
2:09 of 3rd period - Stopped by Stuart Skinner without a rebound.
2:10 of 3rd period - Macklin Celebrini wins face-off versus Connor Zary in Montreal Canadiens zone.
2:34 of 3rd period - Minor Penalty to Damon Severson for Holding.
2:35 of 3rd period - Clayton Keller wins face-off versus Drew O'Connor in Montreal Canadiens zone.
2:37 of 3rd period - Snap shot by Clayton Keller.
2:37 of 3rd period - Goal by Clayton Keller - Montreal Canadiens : 2 - Vancouver Canucks : 3.
2:38 of 3rd period - Aleksander Barkov wins face-off versus Matt Duchene in neutral zone.
3:55 of 3rd period - Lane Hutson is hit by Miro Heiskanen and loses puck.
5:10 of 3rd period - Slapshot by Mikko Rantanen.
5:10 of 3rd period - Shot Misses the Net.
5:12 of 3rd period - Slapshot by Emil Martinsen Lilleberg.
5:12 of 3rd period - Shot Blocked by Lane Hutson.
5:14 of 3rd period - Slapshot by Jake Bean.
5:14 of 3rd period - Deflect By Artturi Lehkonen.
5:14 of 3rd period - Shot Misses the Net.
5:14 of 3rd period - Puck is out of play.
5:15 of 3rd period - Matt Duchene wins face-off versus Aleksander Barkov in Montreal Canadiens zone.
5:22 of 3rd period - Snap shot by Mikko Rantanen.
5:22 of 3rd period - Stopped by Stuart Skinner with a rebound.
5:24 of 3rd period - Slapshot by Jake Bean.
5:24 of 3rd period - Shot Misses the Net.
5:38 of 3rd period - Snap shot by Aleksander Barkov.
5:38 of 3rd period - Shot Misses the Net.
5:40 of 3rd period - Wrist shot by Artturi Lehkonen.
5:40 of 3rd period - Stopped by Stuart Skinner with a rebound.
5:42 of 3rd period - Backhand shot by Joel Hanley.
5:42 of 3rd period - Deflect By Artturi Lehkonen.
5:42 of 3rd period - Shot Misses the Net.
5:42 of 3rd period - Puck is out of play.
5:43 of 3rd period - Connor Zary wins face-off versus Ryan Poehling in Montreal Canadiens zone.
5:54 of 3rd period - Snap shot by Bobby McMann.
5:54 of 3rd period - Stopped by Stuart Skinner without a rebound.
5:55 of 3rd period - Aleksander Barkov wins face-off versus Matt Duchene in Montreal Canadiens zone.
5:59 of 3rd period - Minor Penalty to Brad Marchand for High sticking.
6:00 of 3rd period - Ryan Poehling wins face-off versus Jesperi Kotkaniemi in Montreal Canadiens zone.
6:00 of 3rd period - Ryan Poehling is hit by Connor Zary.
7:59 of 3rd period - Penalty to Brad Marchand is over, Brad Marchand is back on ice.
10:09 of 3rd period - Wrist shot by Clayton Keller.
10:09 of 3rd period - Shot Blocked by Matt Duchene.
10:45 of 3rd period - Brett Leason is hit by Evgeni Dadonov and loses puck.
10:49 of 3rd period - Icing by Noah Hanifin.
10:50 of 3rd period - Sean Couturier wins face-off versus Teddy Blueger in Vancouver Canucks zone.
11:05 of 3rd period - Snap shot by Casey Mittelstadt.
11:05 of 3rd period - Stopped by Stuart Skinner without a rebound.
11:06 of 3rd period - Macklin Celebrini wins face-off versus Aleksander Barkov in Montreal Canadiens zone.
11:06 of 3rd period - Macklin Celebrini is hit by Noah Hanifin.
11:28 of 3rd period - Noah Hanifin is hit by Martin Necas and loses puck.
11:37 of 3rd period - Snap shot by Aleksander Barkov.
11:37 of 3rd period - Shot Misses the Net.
11:39 of 3rd period - Slapshot by Mikko Rantanen.
11:39 of 3rd period - Stopped by Stuart Skinner with a rebound.
11:41 of 3rd period - Wrist shot by Mikko Rantanen.
11:41 of 3rd period - Shot Misses the Net.
11:43 of 3rd period - Wrist shot by Artturi Lehkonen.
11:43 of 3rd period - Shot Blocked by Ryan Poehling.
11:49 of 3rd period - Wrist shot by Mikko Rantanen.
11:49 of 3rd period - Shot Blocked by Lane Hutson.
12:15 of 3rd period - Mikko Rantanen is hit by Damon Severson and loses puck.
13:25 of 3rd period - Off-side.
13:26 of 3rd period - Matt Duchene wins face-off versus Connor Zary in neutral zone.
13:40 of 3rd period - Off-side.
13:41 of 3rd period - Casey Mittelstadt wins face-off versus Teddy Blueger in neutral zone.
13:46 of 3rd period - Slapshot by Casey Mittelstadt.
13:46 of 3rd period - Stopped by Stuart Skinner without a rebound.
13:47 of 3rd period - Teddy Blueger wins face-off versus Casey Mittelstadt in Montreal Canadiens zone.
13:49 of 3rd period - Minor Penalty to Teddy Blueger for Cross-checking.
13:50 of 3rd period - Jesperi Kotkaniemi wins face-off versus Brad Marchand in Montreal Canadiens zone.
13:50 of 3rd period - Wrist shot by Matias Maccelli.
13:50 of 3rd period - Goal by Matias Maccelli - Montreal Canadiens : 2 - Vancouver Canucks : 4.
13:51 of 3rd period - Teddy Blueger wins face-off versus Connor Zary in neutral zone.
14:41 of 3rd period - Snap shot by Justin Hryckowian.
14:41 of 3rd period - Shot Misses the Net.
14:43 of 3rd period - Slapshot by Drew O'Connor.
14:43 of 3rd period - Shot Misses the Net.
14:45 of 3rd period - Wrist shot by Brady Skjei.
14:45 of 3rd period - Shot Hit the Post.
14:59 of 3rd period - Emil Martinsen Lilleberg is hit by Brady Skjei.
15:05 of 3rd period - Slapshot by Evgeni Dadonov.
15:05 of 3rd period - Stopped by Justus Annunen with a rebound.
15:07 of 3rd period - Slapshot by Owen Power.
15:07 of 3rd period - Deflect By Evgeni Dadonov.
15:07 of 3rd period - Shot Blocked by Emil Martinsen Lilleberg.
15:07 of 3rd period - Puck is out of play.
15:08 of 3rd period - Macklin Celebrini wins face-off versus Casey Mittelstadt in Vancouver Canucks zone.
15:33 of 3rd period - Owen Power is hit by Ryan McDonagh and loses puck.
15:53 of 3rd period - Off-side.
15:54 of 3rd period - Connor Zary wins face-off versus Drew O'Connor in neutral zone.
16:10 of 3rd period - Snap shot by Brady Skjei.
16:10 of 3rd period - Deflect By Justin Hryckowian.
16:10 of 3rd period - Shot Misses the Net.
16:10 of 3rd period - Puck is out of play.
16:11 of 3rd period - Casey Mittelstadt wins face-off versus Teddy Blueger in Vancouver Canucks zone.
16:15 of 3rd period - Off-side.
16:16 of 3rd period - Casey Mittelstadt wins face-off versus Teddy Blueger in neutral zone.
16:47 of 3rd period - Snap shot by Martin Necas.
16:47 of 3rd period - Shot Misses the Net.
16:49 of 3rd period - Wrist shot by Macklin Celebrini.
16:49 of 3rd period - Stopped by Justus Annunen with a rebound.
16:51 of 3rd period - Wrist shot by Ryan Poehling.
16:51 of 3rd period - Deflect By Macklin Celebrini.
16:51 of 3rd period - Shot Misses the Net.
16:51 of 3rd period - Puck is out of play.
16:52 of 3rd period - Aleksander Barkov wins face-off versus Justin Hryckowian in Vancouver Canucks zone.
16:52 of 3rd period - Aleksander Barkov is hit by Justin Hryckowian.
17:18 of 3rd period - Casey Mittelstadt is hit by Martin Necas and loses puck.
17:23 of 3rd period - Wrist shot by Martin Necas.
17:23 of 3rd period - Stopped by Justus Annunen without a rebound.
17:24 of 3rd period - Casey Mittelstadt wins face-off versus Macklin Celebrini in Vancouver Canucks zone.
17:33 of 3rd period - Snap shot by Martin Necas.
17:33 of 3rd period - Shot Misses the Net.
17:35 of 3rd period - Wrist shot by Ryan Poehling.
17:35 of 3rd period - Shot Blocked by Miro Heiskanen.
17:37 of 3rd period - Slapshot by Josh Manson.
17:37 of 3rd period - Shot Misses the Net.
17:39 of 3rd period - Wrist shot by Josh Manson.
17:39 of 3rd period - Deflect By Martin Necas.
17:39 of 3rd period - Stopped by Justus Annunen with a rebound.
17:41 of 3rd period - Wrist shot by Macklin Celebrini.
17:41 of 3rd period - Stopped by Justus Annunen without a rebound.
17:42 of 3rd period - Teddy Blueger wins face-off versus Aleksander Barkov in Vancouver Canucks zone.
17:51 of 3rd period - Snap shot by Evgeni Dadonov.
17:51 of 3rd period - Shot Misses the Net.
17:57 of 3rd period - Brady Skjei is hit by Miro Heiskanen and loses puck.
18:25 of 3rd period - Snap shot by Bobby McMann.
18:25 of 3rd period - Stopped by Stuart Skinner with a rebound.
18:27 of 3rd period - Wrist shot by Bobby McMann.
18:27 of 3rd period - Stopped by Stuart Skinner with a rebound.
18:29 of 3rd period - Slapshot by Emil Martinsen Lilleberg.
18:29 of 3rd period - Stopped by Stuart Skinner with a rebound.
18:35 of 3rd period - Snap shot by Bobby McMann.
18:35 of 3rd period - Stopped by Stuart Skinner without a rebound.
18:36 of 3rd period - Casey Mittelstadt wins face-off versus Teddy Blueger in Montreal Canadiens zone.
19:12 of 3rd period - Snap shot by Martin Necas.
19:12 of 3rd period - Shot Misses the Net.
19:16 of 3rd period - Wrist shot by Macklin Celebrini.
19:16 of 3rd period - Shot Misses the Net.
19:18 of 3rd period - Wrist shot by Martin Necas.
19:18 of 3rd period - Deflect By Macklin Celebrini.
19:18 of 3rd period - Shot Misses the Net.
19:18 of 3rd period - Puck is out of play.
19:19 of 3rd period - Macklin Celebrini wins face-off versus Aleksander Barkov in Vancouver Canucks zone.
Goals for this period are 0 for Montreal Canadiens vs 2 for Vancouver Canucks.
Shots for this period are 6 for Montreal Canadiens vs 13 for Vancouver Canucks.